 Dungeon Crawl Stone Soup version 0.31-a0-844-gdc52ec4e09 (webtiles) character file.

Game seed: 16838543247433119734

41 TheScarfBastard the Trooper (level 3, -1/49 HPs)
             Began as a Minotaur Berserker on Sept 30, 2023.
             Was a Believer of Trog.
             Slain by a gnoll
             ... wielding a +0 whip
             ... led by a gnoll bouda
              (3 damage)
             ... on level 4 of the Dungeon.
             The game lasted 00:03:07 (1571 turns).

TheScarfBastard the Trooper (Minotaur Berserker)    Turns: 1571, Time: 00:03:08

Health: -1/49      AC:  3    Str: 23    XL:     3   Next: 32%
Magic:  2/2        EV: 12    Int:  4    God:    Trog [**....]
Gold:   188        SH:  0    Dex:  9    Spells: 2/2 levels left

rFire   . . .        l - +0 great sword
rCold   . . .        (shield currently unavailable)
rNeg    . . .        h - +0 leather armour
rPois   .            (helmet restricted)
rElec   .            (no cloak)
rCorr   .            (no gloves)
SInv    .            (no boots)
Will    .....        (no amulet) Stlth
                     (no ring)
HPRegen 0.28/turn    (no ring)
MPRegen 0.08/turn

%: no passive effects
@: berserking, lethally poisoned (-1 -> -23), weakened, very quick
A: horns 2, retaliatory headbutt
a: Renounce Religion, Berserk, Trog's Hand


You were on level 4 of the Dungeon.
You worshipped Trog.
Trog was pleased with you.
You visited 1 branch of the dungeon, and saw 4 of its levels.

You collected 188 gold pieces.

Inventory:

Hand Weapons
 a - a +0 hand axe
 l - a +0 great sword (weapon)
Armour
 b - a +0 animal skin
 h - a +0 leather armour (worn)
Scrolls
 c - a scroll of enchant weapon {unknown}
 d - 2 scrolls of teleportation
 f - 2 scrolls of fear {unknown}
 g - a scroll of vulnerability {unknown}
 k - a scroll of amnesia {unknown}
Potions
 e - a potion of curing {unknown}
 i - a potion of degeneration {unknown}
 j - a potion of mutation {unknown}


   Skills:
 + Level 4.2 Fighting
 + Level 4.2 Axes
 + Level 2.7 Armour
 + Level 2.9 Dodging


You had 2 spell levels left.
You didn't know any spells.
Your spell library was empty.

Dungeon Overview and Level Annotations

Branches:
Dungeon (4/15)
 Temple: D:4-7

Altars:
Ashenzari


Innate Abilities, Weirdness & Mutations

You have a pair of horns on your head.
You reflexively headbutt those who attack you in melee.


Message History

The gnoll hits you but does no damage.
The gnoll bouda gazes fiercely through you!
You feel your attacks grow feeble. The gnoll closely misses you.
You closely miss the gnoll.
You feel sick. The gnoll misses you. The gnoll closely misses you.
You furiously retaliate!
You headbutt the gnoll!
Unknown command.
You slash the gnoll bouda!
The gnoll bouda is heavily wounded.
You feel sick. The gnoll closely misses you.
The gnoll hits you from afar with a +1 spear of venom!
A kobold comes into view. It is wielding a +0 dagger.
You closely miss the gnoll bouda.
The gnoll bouda is heavily wounded.
You feel sick.
The kobold shouts!
The gnoll hits you from afar with a +1 spear of venom.
You are more poisoned.
The gnoll bouda closely misses you. The gnoll closely misses you.
The gnoll hits you with a +0 whip!
The gnoll hits you from afar with a +1 spear of venom.
* * * LOW HITPOINT WARNING * * *
You are more poisoned.
A kobold comes into view. It is wielding a +0 short sword.
The gnoll bouda calls upon its god to heal the gnoll.
The gnoll is healed somewhat.
The kobold shouts!
Okay, then.
You are too berserk!
You are too berserk!
Unknown command.
You slash the gnoll bouda!
You kill the gnoll bouda!
Trog accepts your kill.
* * * LOW HITPOINT WARNING * * *
You feel extremely sick. The gnoll hits you with a +0 flail.
* * * LOW HITPOINT WARNING * * *
The gnoll hits you with a +0 whip.
You die...

K. .... .. ... ... K.
..# #.# .###..###.######
S......#......+
gsS...#......#....
#gg..##......#...#
#@#####......#...#
.######....#.......#....
...<.......##'######...#
.....##....##.....##...#
.##. #....##..........#
# #..............†..
.....................
#.....................
#..####..#########....


You could see a scorpion, 3 gnolls, 2 ball pythons and 2 kobolds.

Vanquished Creatures
  A gnoll bouda (D:4)
  A gnoll (D:4)
  A worm (D:4)
  A dart slug (D:2)
  5 ball pythons
  2 bats
  3 endoplasms (D:3)
  2 giant cockroaches
  4 kobolds
  3 quokkas (D:3)
  2 frilled lizards (D:3)
  2 rats
27 creatures vanquished.

Notes
Turn   | Place    | Note
-------+----------+-------------------------------------------
     0 | D:1      | TheScarfBastard the Minotaur Berserker began the quest for
                  | the Orb.
     0 | D:1      | Reached XP level 1. HP: 19/19 MP: 0/0
   121 | D:1      | You fall into a shaft and drop 1 floor!
   257 | D:2      | Reached XP level 2. HP: 24/27 MP: 1/1
   813 | D:3      | Found a faded altar of an unknown god.
   910 | D:3      | Reached ** piety under Trog
  1289 | D:3      | Found a broken altar of Ashenzari.
  1293 | D:3      | Saw a vision of the Swamp and the Spider Nest.
  1293 | D:3      | Noticed a tarantella
  1293 | D:3      | Noticed a radroach
  1293 | D:3      | Noticed a wolf spider
  1293 | D:3      | Noticed a radroach
  1293 | D:3      | Noticed a steelbarb worm
  1293 | D:3      | Noticed a demonic crawler
  1293 | D:3      | Noticed an alligator
  1293 | D:3      | Noticed a goliath frog
  1293 | D:3      | Noticed a spriggan druid
  1293 | D:3      | Noticed a tyrant leech
  1293 | D:3      | Noticed a redback
  1293 | D:3      | Noticed a goliath frog
  1294 | D:3      | Noticed a redback
  1294 | D:3      | Noticed a redback
  1294 | D:3      | Noticed a jumping spider
  1294 | D:3      | Noticed a meliai
  1295 | D:3      | Noticed a demonic crawler
  1295 | D:3      | Noticed a jumping spider
  1296 | D:3      | Noticed a spriggan rider
  1296 | D:3      | Noticed a redback
  1296 | D:3      | Noticed a swamp dragon
  1297 | D:3      | Noticed a tarantella
  1461 | D:4      | Reached XP level 3. HP: 13/33 MP: 2/2
  1564 | D:4      | Noticed a scorpion
  1571 | D:4      | HP: 2/49 [gnoll/+0 flail[a gnoll bouda] (4)]
  1571 | D:4      | Slain by a gnoll

Illustrated notes

Levels and vault maps discovered:
D:1:      ncdulo_watergridlock, layout_loops_cross, serial_shops, shop
D:2:      layout_rooms
D:3:      layout_basic, grunt_ashenzari_visionary
          [grunt_ashenzari_visionary_swamp, grunt_ashenzari_visionary_spider],
          chequers_ecumenical_altar_twisty, minmay_increasing_density
D:4:      layout_gridville, serial_shops, shop, uniq_ijyb, uniq_grinder

Skill      XL: |  1  2 |
---------------+-------+-----
Fighting       | 4 |  4.2
Axes           | 4 |  4.2
Armour         | |  2.7
Dodging        | |  2.9

Action                     || total
---------------------------++-------
  Melee: Hand axe          ||    42
         Headbutt          ||     5
         Great sword       ||    11
 Invoke: Berserk           ||     2
    Use: Scroll            ||     1
 Armour: Animal skin       ||    11
         Leather armour    ||    34
  Dodge: Dodged            ||    53

Table legend: (Time is in decaauts)
 A = Elapsed time spent in this place.
 B = Non-inter-level travel time spent in this place.
 C = Inter-level travel time spent in this place.
 D = Time resting spent in this place.
 E = Time spent auto-exploring this place.
 F = Levels seen in this place.
 G = Mean time per level.
                   A        B        C        D        E       F      G
               +--------+--------+--------+--------+--------+-----+--------+
         Total |   1591 |   1542 |     49 |      0 |   1210 |   4 |  397.8 |
       Dungeon |   1591 |   1542 |     49 |      0 |   1210 |   4 |  397.8 |
               +--------+--------+--------+--------+--------+-----+--------+

Top non-repeatable levels by time:
     D:3: 856 daAuts
     D:2: 467 daAuts
     D:4: 144 daAuts
     D:1: 122 daAuts
